TOP OF THE 1ST |
New York Yankees batting - Pitching for Milwaukee Brewers : LHP Atlee Hammaker
|
Pitching: LHP Atlee Hammaker
|
|
Batting: LHB Wade Boggs
|
0-0: Foul Ball, location: 2F 0-1: Called Strike 0-2: Fly out, F7 (Flyball, 78M, EV 95.0 MPH)
|
Batting: SHB Willie Wilson
|
0-0: Ground out 4-3 (Groundball, 4, EV 110.6 MPH)
|
Batting: LHB Kent Hrbek
|
0-0: Foul Ball, location: 2RF, Error on foul ball, E2 0-1: Called Strike 0-2: Ball 1-2: Foul Ball, location: 2F 1-2: Fly out, F7 (Flyball, 7LS, EV 86.9 MPH)
|
Top of the 1st over - 0 runs, 0 hits, 1 error, 0 left on base; New York 0 - Milwaukee 0 |
BOTTOM OF THE 1ST |
Milwaukee Brewers batting - Pitching for New York Yankees : RHP Paul Moskau
|
Pitching: RHP Paul Moskau
|
|
Batting: RHB Steve Sax
|
0-0: Called Strike 0-1: Ball 1-1: Ball 2-1: Reached on error, E6 (Groundball, 6, EV 103.8 MPH)
|
Batting: LHB Von Hayes
|
0-0: Foul Ball, location: 2F 0-1: Called Strike 0-2: SINGLE (Flyball, 78S, EV 92.5 MPH) Steve Sax to second
|
Batting: RHB Eric Davis
|
0-0: Ball 1-0: Ball 2-0: Ball 3-0: Base on Balls Steve Sax to third Von Hayes to second
|
Batting: SHB Eddie Murray
|
0-0: Ball 1-0: Foul Ball, location: 2F 1-1: Swinging Strike 1-2: Fly out, F7 (Flyball, 7S, EV 98.1 MPH) Runner from 3rd tags up, OUT at HOME! 7-2 Von Hayes to third Eric Davis to second
|
Batting: RHB Mike Schmidt
|
0-0: Ball 1-0: Fly out, F3 (Popup, 34S, EV 73.8 MPH)
|
Bottom of the 1st over - 0 runs, 1 hit, 1 error, 2 left on base; New York 0 - Milwaukee 0 |
TOP OF THE 2ND |
New York Yankees batting - Pitching for Milwaukee Brewers : LHP Atlee Hammaker
|
Batting: RHB Pedro Guerrero
|
0-0: Called Strike 0-1: Ball 1-1: Fly out, F3 (Popup, 3S, EV 84.4 MPH)
|
Batting: LHB George Kaage
|
0-0: Ball 1-0: SINGLE (Groundball, P, EV 84.4 MPH) (infield hit)
|
Pitching: RHP Ron Oglesby
|
|
Batting: SHB Tim Raines
|
0-0: Called Strike 0-1: Swinging Strike 0-2: Foul Ball, location: 2F 0-2: Ball 1-2: Ball 2-2: Strikes out swinging
|
Batting: RHB Emanuel Cortez
|
0-0: Ball George Kaage is caught stealing 2nd base 2-4
|
Top of the 2nd over - 0 runs, 1 hit, 0 errors, 0 left on base; New York 0 - Milwaukee 0 |
BOTTOM OF THE 2ND |
Milwaukee Brewers batting - Pitching for New York Yankees : RHP Paul Moskau
|
Batting: LHB Denny Walling
|
0-0: Ball 1-0: Ball 2-0: Ball 3-0: Called Strike 3-1: Swinging Strike 3-2: Base on Balls
|
Batting: RHB Ken Landreaux
|
0-0: Ball 1-0: Called Strike 1-1: Foul Ball, location: 2F 1-2: Fly out, F9 (Line Drive, 9S, EV 107.5 MPH)
|
Batting: RHB Tim Laudner
|
0-0: Called Strike 0-1: Foul Ball, location: 2F 0-2: Ball Denny Walling steals 2nd base 1-2: Strikes out swinging
|
Batting: SHB Alfredo Griffin
|
0-0: Called Strike 0-1: Ball 1-1: Foul Ball, location: 2F 1-2: Foul Ball, location: 2F 1-2: Ball 2-2: SINGLE (Line Drive, 89S, EV 111.3 MPH) Denny Walling to third Runner from 3rd tries for Home, SAFE, throw by CF to home
|
Batting: RHB Steve Sax
|
0-0: Ball Alfredo Griffin is caught stealing 2nd base 2-4
|
Bottom of the 2nd over - 1 run, 1 hit, 0 errors, 0 left on base; New York 0 - Milwaukee 1 |
TOP OF THE 3RD |
New York Yankees batting - Pitching for Milwaukee Brewers : RHP Ron Oglesby
|
Batting: RHB Emanuel Cortez
|
0-0: Called Strike 0-1: Foul Ball, location: 2F 0-2: Ball 1-2: Foul Ball, location: 2F 1-2: Strikes out swinging
|
Batting: LHB Ron Hassey
|
0-0: Fly out, F2 (Popup, 25F, EV 88.1 MPH)
|
Batting: SHB Jerry Manuel
|
0-0: Ball 1-0: Foul Ball, location: 2F 1-1: Foul Ball, location: 2F 1-2: TRIPLE (Line Drive, 78XD, EV 108.8 MPH)
|
Batting: LHB Wade Boggs
|
0-0: Foul Ball, location: 2F 0-1: Foul Ball, location: 2F 0-2: Foul Ball, location: 2F 0-2: Ball 1-2: Ball 2-2: Ball 3-2: Base on Balls
|
Batting: SHB Willie Wilson
|
0-0: Ball 1-0: Fly out, F8 (Flyball, 8RD, EV 92.5 MPH)
|
Top of the 3rd over - 0 runs, 1 hit, 0 errors, 2 left on base; New York 0 - Milwaukee 1 |
BOTTOM OF THE 3RD |
Milwaukee Brewers batting - Pitching for New York Yankees : RHP Paul Moskau
|
Batting: RHB Steve Sax
|
0-0: Fly out, F8 (Flyball, 89D, EV 99.4 MPH)
|
Batting: LHB Von Hayes
|
0-0: Ball 1-0: Ball 2-0: Foul Ball, location: 2F 2-1: Ball 3-1: Called Strike 3-2: Foul Ball, location: 2F 3-2: Fly out, F8 (Flyball, 8RD, EV 107.5 MPH)
|
Batting: RHB Eric Davis
|
0-0: Called Strike 0-1: Swinging Strike 0-2: Strikes out swinging
|
Bottom of the 3rd over - 0 runs, 0 hits, 0 errors, 0 left on base; New York 0 - Milwaukee 1 |
TOP OF THE 4TH |
New York Yankees batting - Pitching for Milwaukee Brewers : RHP Ron Oglesby
|
Batting: LHB Kent Hrbek
|
0-0: Ball 1-0: Foul Ball, location: 2F 1-1: Foul Ball, location: 2F 1-2: Ball 2-2: Strikes out swinging
|
Batting: RHB Pedro Guerrero
|
0-0: DOUBLE (Flyball, 8LXD, EV 96.9 MPH)
|
Batting: LHB George Kaage
|
0-0: Ball 1-0: Ball 2-0: Called Strike 2-1: Swinging Strike 2-2: Strikes out swinging
|
Batting: SHB Tim Raines
|
0-0: Ground out 6-3 (Groundball, 6, EV 78.1 MPH)
|
Top of the 4th over - 0 runs, 1 hit, 0 errors, 1 left on base; New York 0 - Milwaukee 1 |
BOTTOM OF THE 4TH |
Milwaukee Brewers batting - Pitching for New York Yankees : RHP Paul Moskau
|
Batting: SHB Eddie Murray
|
0-0: Called Strike 0-1: Ball 1-1: Foul Ball, location: 2F 1-2: Fly out, F7 (Flyball, 7, EV 91.9 MPH)
|
Batting: RHB Mike Schmidt
|
0-0: Ball 1-0: Foul Ball, location: 2F 1-1: SINGLE (Line Drive, 6D, EV 99.4 MPH)
|
Batting: LHB Denny Walling
|
0-0: Swinging Strike 0-1: Fly out, F2 (Popup, 25F, EV 88.1 MPH)
|
Batting: RHB Ken Landreaux
|
0-0: Ball 1-0: Ball 2-0: Swinging Strike 2-1: Swinging Strike 2-2: Strikes out looking
|
Bottom of the 4th over - 0 runs, 1 hit, 0 errors, 1 left on base; New York 0 - Milwaukee 1 |
TOP OF THE 5TH |
New York Yankees batting - Pitching for Milwaukee Brewers : RHP Ron Oglesby
|
Batting: RHB Emanuel Cortez
|
0-0: Ball 1-0: Called Strike 1-1: Foul Ball, location: 2F 1-2: Ball 2-2: Foul Ball, location: 2F 2-2: Foul Ball, location: 2F 2-2: Ball 3-2: Base on Balls
|
Batting: LHB Ron Hassey
|
0-0: Called Strike 0-1: Ball 1-1: Foul Ball, location: 2F 1-2: Ball 2-2: Ball 3-2: Base on Balls Emanuel Cortez to second
|
Batting: SHB Jerry Manuel
|
0-0: Ball 1-0: Ball 2-0: Ball 3-0: Swinging Strike 3-1: Base on Balls Emanuel Cortez to third Ron Hassey to second
|
Batting: LHB Wade Boggs
|
0-0: Called Strike 0-1: Foul Ball, location: 2F 0-2: Grounds into double play, 4-6-3 (Groundball, 4, EV 100.0 MPH) Emanuel Cortez scores Ron Hassey to third
|
Batting: SHB Willie Wilson
|
0-0: Called Strike 0-1: Swinging Strike 0-2: Ball 1-2: Ground out 5-3 (Groundball, 5L, EV 104.4 MPH)
|
Top of the 5th over - 1 run, 0 hits, 0 errors, 1 left on base; New York 1 - Milwaukee 1 |
BOTTOM OF THE 5TH |
Milwaukee Brewers batting - Pitching for New York Yankees : RHP Paul Moskau
|
Batting: RHB Tim Laudner
|
0-0: Ball 1-0: Ball 2-0: Ball 3-0: Called Strike 3-1: Swinging Strike 3-2: DOUBLE (Flyball, 8RXD, EV 105.6 MPH)
|
Batting: SHB Alfredo Griffin
|
0-0: Ground out 6-3 (Groundball, 6, EV 101.9 MPH)
|
Batting: RHB Steve Sax
|
0-0: Ball 1-0: Ball 2-0: Called Strike 2-1: Ball 3-1: Base on Balls
|
Batting: LHB Von Hayes
|
0-0: Ball 1-0: Foul Ball, location: 2F 1-1: Called Strike 1-2: Foul Ball, location: 2F 1-2: Ball 2-2: DOUBLE (Line Drive, 78XD, EV 100.0 MPH) Tim Laudner scores Steve Sax to third Runner from 3rd tries for Home, SAFE, throw by LF to home
|
Batting: RHB Eric Davis
|
0-0: Fly out, F7 (Flyball, 7LM, EV 83.1 MPH)
|
Batting: SHB Eddie Murray
|
0-0: Ball 1-0: Fly out, F4 (Popup, 4S, EV 71.9 MPH)
|
Bottom of the 5th over - 2 runs, 2 hits, 0 errors, 1 left on base; New York 1 - Milwaukee 3 |
TOP OF THE 6TH |
New York Yankees batting - Pitching for Milwaukee Brewers : RHP Ron Oglesby
|
Batting: LHB Kent Hrbek
|
0-0: Ground out 5-3 (Groundball, 5L, EV 101.3 MPH)
|
Batting: RHB Pedro Guerrero
|
0-0: Foul Ball, location: 2F 0-1: Ground out 5-3 (Groundball, 5S, EV 85.0 MPH)
|
Batting: LHB George Kaage
|
0-0: Fly out, F9 (Line Drive, 89M, EV 87.5 MPH)
|
Top of the 6th over - 0 runs, 0 hits, 0 errors, 0 left on base; New York 1 - Milwaukee 3 |
BOTTOM OF THE 6TH |
Milwaukee Brewers batting - Pitching for New York Yankees : RHP Paul Moskau
|
Batting: RHB Mike Schmidt
|
0-0: Ball 1-0: Fly out, F8 (Flyball, 8LS, EV 96.9 MPH)
|
Batting: LHB Denny Walling
|
0-0: Swinging Strike 0-1: Ball 1-1: Ball 2-1: Fly out, F8 (Flyball, 78S, EV 88.8 MPH)
|
Batting: RHB Ken Landreaux
|
0-0: Fly out, F5 (Line Drive, 5, EV 66.9 MPH)
|
Bottom of the 6th over - 0 runs, 0 hits, 0 errors, 0 left on base; New York 1 - Milwaukee 3 |
TOP OF THE 7TH |
New York Yankees batting - Pitching for Milwaukee Brewers : RHP Ron Oglesby
|
Pitching: LHP Jordan Ortiz
|
|
Batting: SHB Tim Raines
|
0-0: Ball 1-0: Ball 2-0: Foul Ball, location: 2F 2-1: Ground out U3 (Groundball, 34S, EV 76.3 MPH)
|
Batting: RHB Emanuel Cortez
|
0-0: Ball 1-0: Called Strike 1-1: Swinging Strike 1-2: SINGLE (Line Drive, 89M, EV 100.6 MPH)
|
Batting: LHB Ron Hassey
|
0-0: Called Strike Emanuel Cortez is caught stealing 2nd base 2-6 0-1: Foul Ball, location: 2F 0-2: Ball 1-2: Fly out, F8 (Line Drive, 8RM, EV 85.6 MPH)
|
Top of the 7th over - 0 runs, 1 hit, 0 errors, 0 left on base; New York 1 - Milwaukee 3 |
BOTTOM OF THE 7TH |
Milwaukee Brewers batting - Pitching for New York Yankees : RHP Paul Moskau
|
Batting: RHB Tim Laudner
|
0-0: Ball 1-0: Called Strike 1-1: Ball 2-1: Foul Ball, location: 2F 2-2: Ground out U3 (Groundball, 3, EV 108.1 MPH)
|
Batting: SHB Alfredo Griffin
|
0-0: Called Strike 0-1: Ball 1-1: SINGLE (Line Drive, 78S, EV 88.1 MPH)
|
Batting: RHB Steve Sax
|
0-0: Called Strike Alfredo Griffin steals 2nd, throwing error, E2 Alfredo Griffin to third 0-1: Swinging Strike 0-2: Ground out 3-1 (Groundball, 3, EV 107.5 MPH)
|
Batting: LHB Von Hayes
|
0-0: Ball 1-0: Ball 2-0: Called Strike 2-1: SINGLE (Groundball, 15S, EV 62.5 MPH) (infield hit) Alfredo Griffin scores
|
Batting: RHB Eric Davis
|
0-0: Ball 1-0: Ball 2-0: Called Strike 2-1: DOUBLE (Line Drive, 8RXD, EV 100.0 MPH) Von Hayes to third Runner from 3rd tries for Home, SAFE, no throw by CF
|
Pitching: RHP Silvio Martinez
|
|
Batting: SHB Eddie Murray
|
0-0: Ball 1-0: Called Strike 1-1: Fly out, F8 (Flyball, 8LD, EV 98.8 MPH)
|
Bottom of the 7th over - 2 runs, 3 hits, 1 error, 1 left on base; New York 1 - Milwaukee 5 |
TOP OF THE 8TH |
New York Yankees batting - Pitching for Milwaukee Brewers : LHP Jordan Ortiz
|
Batting: SHB Jerry Manuel
|
0-0: Foul Ball, location: 2F 0-1: Ball 1-1: Ball 2-1: Foul Ball, location: 2F 2-2: Fly out, F8 (Line Drive, 8LM, EV 91.3 MPH)
|
Batting: LHB Wade Boggs
|
0-0: Ball 1-0: Foul Ball, location: 2F 1-1: Ball 2-1: Ball 3-1: Foul Ball, location: 2F 3-2: Ground out 5-3 (Groundball, 5S, EV 83.1 MPH)
|
Batting: SHB Willie Wilson
|
0-0: Foul Ball, location: 2F 0-1: Ball 1-1: Foul Ball, location: 2F 1-2: Foul Ball, location: 2F 1-2: Fly out, F7 (Flyball, 7, EV 78.1 MPH)
|
Top of the 8th over - 0 runs, 0 hits, 0 errors, 0 left on base; New York 1 - Milwaukee 5 |
BOTTOM OF THE 8TH |
Milwaukee Brewers batting - Pitching for New York Yankees : RHP Silvio Martinez
|
Batting: RHB Mike Schmidt
|
0-0: Ball 1-0: Foul Ball, location: 2F 1-1: Called Strike 1-2: Ball 2-2: Ball 3-2: Ground out 5-3 (Groundball, 5, EV 107.5 MPH)
|
Batting: LHB Denny Walling
|
0-0: Ball 1-0: Ground out 6-3 (Groundball, 6, EV 85.6 MPH)
|
Batting: RHB Ken Landreaux
|
0-0: Foul Ball, location: 2F 0-1: Ball 1-1: Ball 2-1: Foul Ball, location: 2F 2-2: Ball 3-2: Base on Balls
|
Batting: RHB Tim Laudner
|
0-0: Ball Ken Landreaux is caught stealing 2nd base 2-4
|
Bottom of the 8th over - 0 runs, 0 hits, 0 errors, 0 left on base; New York 1 - Milwaukee 5 |
TOP OF THE 9TH |
New York Yankees batting - Pitching for Milwaukee Brewers : LHP Jordan Ortiz
|
Batting: LHB Kent Hrbek
|
0-0: Ball 1-0: Ball 2-0: Ball 3-0: Base on Balls
|
Batting: RHB Pedro Guerrero
|
0-0: Fly out, F3 (Popup, 3SF, EV 80.0 MPH)
|
Batting: LHB George Kaage
|
0-0: Ball 1-0: Fielders Choice at 2nd, 4-6 (Groundball, 34, EV 95.0 MPH)
|
Batting: SHB Tim Raines
|
0-0: Foul Ball, location: 2F 0-1: SINGLE (Line Drive, 4D, EV 110.0 MPH) George Kaage to second
|
Batting: RHB Emanuel Cortez
|
0-0: Ball 1-0: Foul Ball, location: 2F 1-1: Ball 2-1: Called Strike 2-2: Fly out, F9 (Line Drive, 9, EV 95.0 MPH)
|
Top of the 9th over - 0 runs, 1 hit, 0 errors, 2 left on base; New York 1 - Milwaukee 5 |
|